 Dungeon Crawl Stone Soup version 0.22-a0-469-gf26638a (webtiles) character file.

62 4thArraOfDagon the Chopper (level 4, 2/41 HPs)
             Began as a Hill Orc Monk on June 13, 2018.
             Quit the game on level 6 of the Dungeon.
             The game lasted 00:01:55 (391 turns).

4thArraOfDagon the Chopper (Hill Orc Monk)           Turns: 391, Time: 00:01:55

Health: 2/41       AC:  6    Str: 13    XL:     4   Next: 8%
Magic:  4/4        EV: 15    Int: 11    God:
Gold:   5          SH:  0    Dex: 18    Spells: 3/3 levels left

rFire    . . .     SeeInvis .   a - +0 hand axe
rCold    . . .     Gourm    .   (no shield)
rNeg     . . .     Faith    .   e - +0 scale mail
rPois    .         Spirit   .   (no helmet)
rElec    .         Reflect  .   (no cloak)
rCorr    .         Harm     .   (no gloves)
MR       .....                  (no boots)
Stlth    ++........             (no amulet)
HPRegen  0.13/turn              (no ring)
MPRegen  0.09/turn              (no ring)

@: agile, lethally poisoned (2 -> -2)
A: no striking features
a: no special abilities


You were on level 6 of the Dungeon.
You were not hungry.

You visited 1 branch of the dungeon, and saw 6 of its levels.

You collected 5 gold pieces.

Inventory:

Hand Weapons
 a - a +0 hand axe (weapon)
Armour
 b - a +0 robe
 e - a +0 scale mail (worn)
Scrolls
 f - 2 scrolls of teleportation {unknown}
 h - a scroll of random uselessness {unknown}
 k - a scroll of fog {unknown}
 l - a scroll of remove curse {unknown}
Potions
 g - a potion of agility
Comestibles
 c - 3 rations


   Skills:
 + Level 4.4 Fighting
 * Level 5.7 Axes
 - Level 2.4 Dodging
 - Level 1.5 Stealth


You had 3 spell levels left.
You didn't know any spells.
Your spell library was empty.

Dungeon Overview and Level Annotations

Branches:
Dungeon (6/15)
 Temple: D:4-7

Altars:
Gozag


Message History

You feel sick. The crimson imp barely misses you.
Unknown command.
* * * LOW HITPOINT WARNING * * *
You feel sick.
The crimson imp blinks!
* * * LOW HITPOINT WARNING * * *
You feel sick.
There is a stone staircase leading down here.
Unknown command.
* * * LOW HITPOINT WARNING * * *
You feel sick.
You climb downwards.
Found a dyed leather armour.
There is a stone staircase leading up here.
Unknown command.
* * * LOW HITPOINT WARNING * * *
You feel sick.
Unknown command.
You see here a dyed leather armour.
Unknown command.
Are you sure you want to abandon this character and quit the game? (Confirm with "yes".)

### #..
#.#
#.#####.#
#......<#
########.#
.......@.#
##########


There were no monsters in sight!

Vanquished Creatures
  2 worker ants (D:5)
  A leopard gecko (D:4)
  A bat (D:3)
  A hobgoblin (D:3)
  2 jackals (D:1)
  A kobold (D:3)
  A quokka (D:4)
  2 frilled lizards
  5 rats (D:1)
16 creatures vanquished.

Notes
Turn   | Place    | Note
-------+----------+-------------------------------------------
     0 | D:1      | 4thArraOfDagon the Hill Orc Monk began the quest for the Orb.
     0 | D:1      | Reached XP level 1. HP: 19/19 MP: 1/1
    48 | D:1      | Reached XP level 2. HP: 20/27 MP: 2/2
   230 | D:5      | Entered Level 5 of the Dungeon
   329 | D:5      | Reached skill level 5 in Axes
   329 | D:5      | Reached XP level 3. HP: 25/33 MP: 3/3
   351 | D:5      | Found an opulent altar of Gozag.
   383 | D:5      | Reached XP level 4. HP: 6/41 MP: 4/4
   389 | D:6      | HP: 2/41 [poisoned by a worker ant]
   391 | D:6      | Quit the game

Vault maps used:
D:1:      dpeg_arrival_ratfight, minmay_tetromino_i2
D:2:      nicolae_overflow_crystal_walls
D:3:      lemuel_doored_altar, serial_bayou_lake_a, uniq_grinder
D:4:      lemuel_round_altar, due_unseen_surprise
D:5:      lemuel_round_altar, first_ration, cheibrodos_sewer_entry_drain,
          kennysheep_cluttered_room
D:6:      minmay_misc_feat_cross, uniq_sigmund

Skill      XL: |  1  2 |
---------------+-------+-----
Fighting       | 4 |  4.4
Axes           | 5 |  5.7
Dodging        | |  2.4
Stealth        | |  1.5

Action                   |  1- 3 |  4- 6 || total
-------------------------+-------+-------++-------
Melee: Hand axe          |    71 |       ||    71
  Use: Potion            |     4 |       ||     4
       Scroll            |     2 |       ||     2
 Stab: Distracted        |     1 |       ||     1
       Sleeping          |     1 |       ||     1
Armor: Robe              |     1 |       ||     1
       Scale mail        |    21 |       ||    21
Dodge: Dodged            |    54 |     1 ||    55

Table legend:
 A = Spawn XP
 B = Non-spawn XP
 C = Spawn XP percentage of total XP
 D = Spawn monster count
 E = Non-spawn monster count
 F = Spawn count percentage of total count
 G = Total turns spent on level
                    A         B        C        D         E        F      G
               +---------+---------+-------+---------+---------+-------+---------
         Total |       0 |      89 |   0.0 |       0 |      16 |   0.0 |   391
               +---------+---------+-------+---------+---------+-------+---------
           D:1 |       0 |      10 |   0.0 |       0 |       8 |   0.0 |    81
           D:3 |       0 |       6 |   0.0 |       0 |       3 |   0.0 |    41
           D:4 |       0 |       6 |   0.0 |       0 |       3 |   0.0 |   123
           D:5 |       0 |      67 |   0.0 |       0 |       2 |   0.0 |   130
               +---------+---------+-------+---------+---------+-------+---------
